 Dungeon Crawl Stone Soup version 0.28-a0-445-g51f8dfeb47 (webtiles) character file.

Game seed: 2272178472407382814

26153 Gargoyl the Fighter (level 13, -4/104 HPs)
             Began as a Gnoll Abyssal Knight on Sept 12, 2021.
             Was a High Priest of Lugonu.
             Killed from afar by an oklob plant (35 damage)
             ... with a splash of acid
             ... on level 5 of the Lair of Beasts.
             The game lasted 00:17:52 (14339 turns).

Gargoyl the Fighter (Gnoll Abyssal Knight)         Turns: 14339, Time: 00:17:53

Health: -4/104     AC: 17    Str: 17    XL:     13   Next: 24%
Magic:  20/22      EV: 12    Int: 14    God:    Lugonu [*****.]
Gold:   764        SH:  0    Dex: 13    Spells: 28/28 levels left

rFire   . . .      SeeInvis .   c - +3 war axe "Dirch" {spect, rN+ Will+ Dex+2}
rCold   + . .      Faith    .   (no shield)
rNeg    + . .      Spirit   .   E - +0 plate armour
rPois   .          Reflect  .   D - +1 hat
rElec   .          Harm     .   z - +2 cloak
rCorr   .          Rampage  .   t - +1 pair of gloves
Will    ++...                   (no boots)
Stlth   ..........              B - amulet of regeneration
HPRegen 1.27/turn               v - +4 ring of evasion
MPRegen 0.18/turn               d - ring of willpower

@: corroded
A: fangs 1, strong nose, distributed training, cold resistance 1, low mp 1,
strong 1, MP-powered wands
a: Renounce Religion, Depart the Abyss, Bend Space, Banish, Corrupt, Enter the
Abyss


You were on level 5 of the Lair of Beasts.
You worshipped Lugonu.
Lugonu was extremely pleased with you.
You visited 2 branches of the dungeon, and saw 13 of its levels.
You visited the Abyss 1 time.
You also visited: Sewer.

You collected 764 gold pieces.

Inventory:

Hand Weapons
 a - a +6 hand axe of flaming
 c - the +3 war axe "Dirch" (weapon) {spect, rN+ Will+ Dex+2}
   (You found it on level 2 of the Abyss)

   When its wielder attacks, the weapon's spirit leaps out and strikes again.
   The spirit shares a part of any damage it takes with its wielder.
   Dex:       It affects your dexterity (+2).
   rN:        It protects you from negative energy.
   Will:      It increases your willpower.
 y - a +4 trident
Missiles
 p - 21 poisoned darts (quivered)
 u - a throwing net
Armour
 t - a +1 pair of gloves (worn)
 z - a +2 cloak (worn)
 D - a +1 hat (worn)
 E - a +0 plate armour (worn)
Jewellery
 d - a ring of willpower (right hand)
 h - a ring of protection from fire
 j - a ring of protection from fire
 m - a +4 ring of protection
 v - a +4 ring of evasion (left hand)
 B - an amulet of regeneration (around neck)
Wands
 r - a wand of acid (16)
 w - a wand of flame (23)
 A - a wand of polymorph (6)
Scrolls
 g - 2 scrolls of fog
 n - a scroll of magic mapping
 o - 7 scrolls of teleportation
 G - a scroll of amnesia
Potions
 b - a potion of invisibility
 e - 3 potions of might
 i - 8 potions of haste
 k - 2 potions of resistance
 l - 3 potions of brilliance
 q - a potion of lignification {unknown}
 s - a potion of magic {unknown}
 x - 4 potions of curing
 C - a potion of mutation
 H - a potion of ambrosia {unknown}


   Skills:
 + Level 10.4 Fighting
 + Level 8.1 Short Blades
 + Level 8.1 Long Blades
 + Level 9.3 Axes
 + Level 8.1 Maces & Flails
 + Level 8.1 Polearms
 + Level 8.1 Staves
 + Level 8.1 Slings
 + Level 8.1 Bows
 + Level 8.1 Crossbows
 + Level 8.1 Throwing
 + Level 9.3 Armour
 + Level 8.5 Dodging
 + Level 8.1 Stealth
 + Level 8.1 Shields
 + Level 8.1 Unarmed Combat
 + Level 8.1 Spellcasting
 + Level 6.7 Conjurations
 + Level 6.7 Hexes
 + Level 6.7 Summonings
 + Level 6.7 Necromancy
 + Level 6.7 Translocations
 + Level 6.7 Transmutations
 + Level 6.7 Fire Magic
 + Level 6.7 Ice Magic
 + Level 6.7 Air Magic
 + Level 6.7 Earth Magic
 + Level 6.7 Poison Magic
 + Level 10.0 Invocations
 + Level 8.1 Evocations


You had 28 spell levels left.
You didn't know any spells.
Your spell library contained the following spells:

 Spells                   Type           Power      Damage    Failure   Level
 Animate Skeleton         Necr           48%        N/A       22%         1
 Apportation              Tloc           48%        N/A       22%         1
 Pain                     Necr           96%        1d8       22%         1
 Sandblast                Erth           48%        2d12      22%         1
 Shock                    Conj/Air       96%        1d9       22%         1
 Summon Small Mammal      Summ           96%        N/A       22%         1
 Ensorcelled Hibernation  Hex/Ice        48%        N/A       32%         2
 Passwall                 Tmut/Erth      20%        N/A       32%         2
 Static Discharge         Conj/Air       24%        N/A       32%         2
 Conjure Flame            Conj/Fire      24%        6-21      54%         3
 Frozen Ramparts          Ice            48%        1d6       54%         3
 Ignite Poison            Fire/Tmut/Pois 24%        N/A       54%         3
 Stone Arrow              Conj/Erth      48%        3d10      54%         3
 Swiftness                Air            24%        N/A       54%         3
 Tukima's Dance           Hex            24%        N/A       54%         3
 Vampiric Draining        Necr           12%        2d7       54%         3
 Airstrike                Air            12%        N/A       91%         4
 Dispel Undead            Necr           24%        3d12      91%         4
 Ice Form                 Ice/Tmut       24%        N/A       91%         4
 Sticky Flame             Conj/Fire      24%        2d5       91%         4
 Summon Ice Beast         Ice/Summ       24%        N/A       91%         4
 Blade Hands              Tmut           12%        N/A       99%         5
 Irradiate                Conj/Tmut      12%        3d17      99%         5
 Dragon Form              Tmut           12%        N/A       100%        7


Dungeon Overview and Level Annotations

Branches:
Dungeon (8/15)             Temple (0/1) D:5            Lair (5/6) D:8
  Swamp (0/4) Lair:4       Spider (0/4) Lair:3        Slime (0/5) Lair:5
  Sewer (visited)

Altars:
Ashenzari
Cheibriados
Gozag
Trog
Uskayaw

Shops:
D:5 (

Annotations:
Lair:5 exclusion: oklob plant
Abyss:1 Urug


Innate Abilities, Weirdness & Mutations

You have very sharp teeth.
Your uncanny sense of smell can sniff out nearby items.
Your experience applies equally to all skills.
Your flesh is cold resistant. (rC+)
Your magical capacity is low. (-10% MP)
Your muscles are strong. (Str +2)
You expend magic power (3 MP) to strengthen your wands.


Message History

The elephant is lightly wounded.
Your +3 war axe "Dirch" {spect, rN+ Will+ Dex+2} hits the elephant.
The elephant tramples you but does no damage.
The elephant trunk-slaps you but does no damage.
Unknown command.
You hit the elephant but do no damage.
The elephant is moderately wounded.
Your +3 war axe "Dirch" {spect, rN+ Will+ Dex+2} hits the elephant but does no damage.
The elephant tramples you but does no damage.
The elephant trunk-slaps you.
You slash the elephant! You punch the elephant.
The elephant is heavily wounded.
Your +3 war axe "Dirch" {spect, rN+ Will+ Dex+2} hits the elephant!
The elephant closely misses you. x2
Unknown command.
You hit the elephant but do no damage.
The elephant is heavily wounded.
Your +3 war axe "Dirch" {spect, rN+ Will+ Dex+2} hits the elephant!
The elephant misses your +3 war axe "Dirch" {spect, rN+ Will+ Dex+2}.
The elephant barely misses your +3 war axe "Dirch" {spect, rN+ Will+ Dex+2}.
Unknown command.
You hit the elephant but do no damage.
The elephant is severely wounded.
Your +3 war axe "Dirch" {spect, rN+ Will+ Dex+2} hits the elephant!
The elephant tramples your +3 war axe "Dirch" {spect, rN+ Will+ Dex+2}!
Your spectral weapon shares its damage with you!
Your +3 war axe "Dirch" {spect, rN+ Will+ Dex+2} is shoved backwards!
Unknown command.
You slash the elephant!
You kill the elephant!
Lugonu accepts your kill.
Really walk into a travel-excluded area?
You hear the loud beating of a drum nearby.
The oklob plant spits acid at you. The splash of acid hits you!!
* * * LOW HITPOINT WARNING * * *
The acid corrodes you! The oklob plant spits acid at you.
The splash of acid hits you!!
You die...

*,,** #<.......# *,,,**
##** #.......## **<,,*
##PP** ##......##
,*,,,***#....* ##......##
,,,,*,*,,,.$.###.....###
,,,,,,,,,,PPP..##......#
,,,,,,,,,∆PPP..#......##
,,,,,,,,,.PPP........####
,,,,,,,,...(....@...).#.#
,,,,,,,,....##..###....###
,,,>,,,,......##.*##..†..#
,,,,,,,,......**#* #.....#
** ,,,,,,,,>....#* ####..#
**, ,,,,,,,,,....* #..##
*,, ,,,,,,,,,...#* ##..#
**,, ,,,,,,,,,,,,,**
##.###*,,, ,,,,,,,,,,,,*,*
*#.#..#,*,,


You could see an oklob plant.

Vanquished Creatures
  4 hydras (Lair:4)
  2 boulder beetles
  4 elephants (Lair:5)
  3 black mambas
  8 cane toads
  Maggie (D:6)
  8 komodo dragons
  2 rime drakes
  A troll (D:7)
  A tyrant leech (Lair:4)
  5 blink frogs (Lair:3)
  Prince Ribbit (D:6)
  27 yaks
  A wyvern (Lair:3)
  A basilisk (Lair:2)
  Edmund (D:6)
  2 swamp worms (Lair:4)
  11 water moccasins
  2 sky beasts (D:6)
  An ice beast (D:6)
  3 black bears
  A necrophage (D:5)
  2 centaurs
  3 ogres
  A phantom (D:4)
  11 bullfrogs
  A kobold brigand (D:7)
  A gnoll sergeant (D:7)
  A scorpion (D:5)
  11 wights
  An electric eel (Lair:3)
  A jelly (D:1)
  4 hounds
  Crazy Yiuf (D:5)
  2 centaur skeletons (D:7)
  An orc priest (D:6)
  A gnoll shaman (D:6)
  Jessica (D:3)
  Terence (D:3)
  4 iguanas
  2 orc wizards (D:6)
  A howler monkey skeleton (D:7)
  10 adders
  9 gnolls
  7 river rats
  A shadow imp (D:7)
  5 white imps
  3 adder skeletons
  A worm (D:2)
  3 dart slugs
  6 orcs
  7 bats
  10 endoplasms
  8 giant cockroaches
  8 hobgoblins
  10 jackals
  2 quokkas (D:2)
  3 training dummies (D:5)
  17 ball pythons
  7 frilled lizards
  13 goblins
  20 kobolds
  31 rats
322 creatures vanquished.

Vanquished Creatures (others)
  An adder (D:5)
  6 fungi
  21 plants
28 creatures vanquished.

Grand Total: 350 creatures vanquished

Notes
Turn   | Place    | Note
-------+----------+-------------------------------------------
     0 | Abyss:1  | Gargoyl the Gnoll Abyssal Knight began the quest for the
                  | Orb.
     0 | Abyss:1  | Reached XP level 1. HP: 23/23 MP: 3/3
    31 | Abyss:1  | Noticed a thrashing horror
    45 | Abyss:2  | Identified the +3 war axe "Dirch" {spect, rN+ Will+ Dex+2}
    90 | Abyss:2  | Noticed a thrashing horror
    91 | D:1      | Escaped the Abyss
   188 | D:1      | Found a runed translucent door.
   261 | D:1      | Reached * piety under Lugonu
   337 | D:1      | Reached XP level 2. HP: 29/29 MP: 5/5
   754 | D:1      | Reached XP level 3. HP: 35/35 MP: 6/6
  1050 | D:1      | Reached skill level 1 in Short Blades
  1050 | D:1      | Reached skill level 1 in Long Blades
  1050 | D:1      | Reached skill level 1 in Maces & Flails
  1050 | D:1      | Reached skill level 1 in Polearms
  1050 | D:1      | Reached skill level 1 in Staves
  1050 | D:1      | Reached skill level 1 in Slings
  1050 | D:1      | Reached skill level 1 in Bows
  1050 | D:1      | Reached skill level 1 in Crossbows
  1050 | D:1      | Reached skill level 1 in Throwing
  1050 | D:1      | Reached skill level 1 in Stealth
  1050 | D:1      | Reached skill level 1 in Shields
  1050 | D:1      | Reached skill level 1 in Unarmed Combat
  1050 | D:1      | Reached skill level 1 in Spellcasting
  1050 | D:1      | Reached skill level 1 in Evocations
  1050 | D:1      | Reached XP level 4. HP: 31/41 MP: 7/7
  1418 | D:2      | Reached ** piety under Lugonu
  1532 | D:2      | Reached skill level 1 in Conjurations
  1532 | D:2      | Reached skill level 1 in Hexes
  1532 | D:2      | Reached skill level 1 in Summonings
  1532 | D:2      | Reached skill level 1 in Necromancy
  1532 | D:2      | Reached skill level 1 in Translocations
  1532 | D:2      | Reached skill level 1 in Transmutations
  1532 | D:2      | Reached skill level 1 in Fire Magic
  1532 | D:2      | Reached skill level 1 in Ice Magic
  1532 | D:2      | Reached skill level 1 in Air Magic
  1532 | D:2      | Reached skill level 1 in Earth Magic
  1532 | D:2      | Reached skill level 1 in Poison Magic
  1649 | D:2      | Reached XP level 5. HP: 35/47 MP: 8/8
  2236 | D:3      | Found a glowing drain.
  2248 | Sewer    | Entered a sewer
  2336 | Sewer    | Reached *** piety under Lugonu
  2344 | Sewer    | Reached skill level 5 in Invocations
  2532 | Sewer    | Reached XP level 6. HP: 53/53 MP: 9/9
  2634 | Sewer    | Reached skill level 5 in Axes
  2634 | Sewer    | Reached skill level 5 in Armour
  2772 | D:3      | Reached XP level 7. HP: 59/59 MP: 10/10
  2936 | D:3      | Found a broken altar of Ashenzari.
  2938 | D:3      | Noticed Terence
  2941 | D:3      | Killed Terence
  2969 | D:3      | Reached **** piety under Lugonu
  3312 | D:3      | Noticed Jessica
  3315 | D:3      | Killed Jessica
  3331 | D:3      | Found a faded altar of an unknown god.
  3689 | D:4      | Identified the +10 whip of Starshine {elec, rF- rC+ rN+++}
  3719 | D:4      | Found a hide-covered altar of Uskayaw.
  3988 | D:4      | Found a snail-covered altar of Cheibriados.
  4612 | D:5      | Entered Level 5 of the Dungeon
  4621 | D:5      | Reached XP level 8. HP: 65/67 MP: 12/12
  4748 | D:5      | Found Nimus's Firing Range.
  5069 | D:5      | Found a staircase to the Ecumenical Temple.
  5192 | D:5      | Found a runed translucent door.
  5193 | D:5      | Noticed Crazy Yiuf
  5337 | D:5      | Killed Crazy Yiuf
  5401 | D:6      | Noticed Edmund
  5406 | D:6      | Killed Edmund
  5521 | D:6      | Reached XP level 9. HP: 73/73 MP: 14/14
  5681 | D:6      | Gained mutation: Your muscles are strong. (Str +2) [potion
                  | of mutation]
  5681 | D:6      | Gained mutation: Your magical capacity is low. (-10% MP)
                  | [potion of mutation]
  5681 | D:6      | Gained mutation: Your flesh is cold resistant. (rC+)
                  | [potion of mutation]
  5681 | D:6      | Gained mutation: You expend magic power (3 MP) to
                  | strengthen your wands. [potion of mutation]
  5682 | D:6      | Noticed Maggie
  5692 | D:6      | Noticed Prince Ribbit
  5705 | D:6      | Killed Prince Ribbit
  5709 | D:6      | Killed Maggie
  5710 | D:6      | Reached skill level 5 in Dodging
  7473 | D:7      | Noticed a troll
  7482 | D:7      | Killed a troll
  8305 | D:7      | Found a bloodstained altar of Trog.
  8319 | D:7      | Found an opulent altar of Gozag.
  8355 | D:7      | Reached XP level 10. HP: 74/80 MP: 15/15
  8838 | D:8      | Noticed an eight-headed hydra
  8840 | D:8      | Banished an eight-headed hydra
  8841 | D:8      | Reached skill level 5 in Short Blades
  8841 | D:8      | Reached skill level 5 in Long Blades
  8841 | D:8      | Reached skill level 5 in Maces & Flails
  8841 | D:8      | Reached skill level 5 in Polearms
  8841 | D:8      | Reached skill level 5 in Staves
  8841 | D:8      | Reached skill level 5 in Slings
  8841 | D:8      | Reached skill level 5 in Bows
  8841 | D:8      | Reached skill level 5 in Crossbows
  8841 | D:8      | Reached skill level 5 in Throwing
  8841 | D:8      | Reached skill level 5 in Stealth
  8841 | D:8      | Reached skill level 5 in Shields
  8841 | D:8      | Reached skill level 5 in Unarmed Combat
  8841 | D:8      | Reached skill level 5 in Spellcasting
  8841 | D:8      | Reached skill level 5 in Evocations
  9104 | D:8      | Found a staircase to the Lair.
  9562 | Lair:1   | Entered Level 1 of the Lair of Beasts
  9621 | Lair:1   | Noticed a cane toad
  9635 | Lair:1   | Killed a cane toad
  9653 | Lair:1   | Noticed a cane toad
  9668 | Lair:1   | Banished a cane toad
  9736 | Lair:1   | Noticed a seven-headed hydra
  9737 | Lair:1   | Banished a seven-headed hydra
 10050 | Lair:1   | Noticed a six-headed hydra
 10053 | Lair:1   | Banished a six-headed hydra
 10054 | Lair:1   | Reached XP level 11. HP: 87/87 MP: 12/17
 10062 | Lair:1   | Reached skill level 5 in Conjurations
 10062 | Lair:1   | Reached skill level 5 in Hexes
 10062 | Lair:1   | Reached skill level 5 in Summonings
 10062 | Lair:1   | Reached skill level 5 in Necromancy
 10062 | Lair:1   | Reached skill level 5 in Translocations
 10062 | Lair:1   | Reached skill level 5 in Transmutations
 10062 | Lair:1   | Reached skill level 5 in Fire Magic
 10062 | Lair:1   | Reached skill level 5 in Ice Magic
 10062 | Lair:1   | Reached skill level 5 in Air Magic
 10062 | Lair:1   | Reached skill level 5 in Earth Magic
 10062 | Lair:1   | Reached skill level 5 in Poison Magic
 10573 | Lair:1   | Noticed a four-headed hydra
 10575 | Lair:1   | Banished a four-headed hydra
 12350 | Lair:3   | Reached XP level 12. HP: 82/96 MP: 20/20
 12411 | Lair:3   | Found a hole to the Spider Nest.
 12568 | Lair:3   | Noticed a boulder beetle
 12596 | Lair:3   | Killed a boulder beetle
 12934 | Lair:3   | Reached ***** piety under Lugonu
 13320 | Lair:4   | Reached skill level 10 in Fighting
 13504 | Lair:4   | Noticed a boulder beetle
 13522 | Lair:4   | Killed a boulder beetle
 13631 | Lair:4   | Noticed an eight-headed hydra
 13642 | Lair:4   | Killed a one-headed hydra
 13920 | Lair:4   | Noticed an eight-headed hydra
 13926 | Lair:4   | Killed a three-headed hydra
 13939 | Lair:4   | Noticed a seven-headed hydra
 13950 | Lair:4   | Killed a one-headed hydra
 13951 | Lair:4   | Reached XP level 13. HP: 99/103 MP: 22/22
 14080 | Lair:4   | Found a staircase to the Swamp.
 14300 | Lair:5   | Noticed Urug
 14328 | Lair:5   | Banished Urug
 14329 | Lair:5   | Reached skill level 10 in Invocations
 14339 | Lair:5   | Killed from afar by an oklob plant

Illustrated notes

Levels and vault maps discovered:
D:1:      dpeg_arrival_caged_fury, layout_basic, chequers_serial_rivers_small_b,
          minmay_3d_cube
D:2:      layout_loops_ring, serial_forest, infiniplex_forest_lined_3,
          infiniplex_forest_clump_medium, infiniplex_forest_clump_medium,
          infiniplex_forest_clump_diagonal, infiniplex_forest_clump_curved,
          infiniplex_forest_clump_curved, minmay_divided_ellipse
D:3:      layout_loops_ring, evilmike_ruin_ashenzari,
          cheibrodos_sewer_entry_sluice, shapermc_ecumenical_altar_mp_highgroup,
          grunt_decor_junction, kennysheep_generic_room_16, uniq_jessica,
          uniq_terence
D:4:      layout_loops_corners, mainiacjoe_overflow_brackets,
          nicolae_uskayaw_dance_hall, minmay_goblin_kobold_house
D:5:      layout_rooms, lemuel_temple_firewalk_a, nicolae_shop_firing_range,
          uniq_crazy_yiuf_cottage
D:6:      layout_cave_pools, serial_rivers, chequers_serial_rivers_small_b,
          chequers_serial_rivers_small_b, chequers_serial_rivers_micro_d,
          chequers_serial_rivers_small_3, chequers_serial_rivers_marsh,
          chequers_serial_rivers_micro_d, uniq_maggie, uniq_edmund,
          uniq_prince_ribbit1
D:7:      layout_basic, mainiacjoe_overflow_big_doors
D:8:      layout_loops_ring, david_lair_shrubbed
Lair:1:   layout_roguey, serial_bayou_pond_b, lemuel_fruit_tree,
          grunt_megastairs_5
Lair:2:   layout_roguey, chequers_serial_rivers_micro_a, lemuel_fruit_fields
Lair:3:   layout_concentric_octagons, spider_nest_entry_web_field,
          grunt_megastairs_2, infiniplex_staircase_pool
Lair:4:   layout_roguey, palyth_hydra_swamp_entry, grunt_megastairs_3,
          infiniplex_staircase_pool_2
Lair:5:   gammafunk_boulding_lane, layout_cave_pods,
          minmay_slime_entry_oklob_enclosed, gauntlet_entry_generic,
          minmay_lair_oklob_bushes, uniq_urug

Skill      XL: |  1  2  3  4  5  6  7  8  9 10 11 12 13 |
---------------+----------------------------------------+-----
Short Blades   | 1 2 3 4 5 6 7 8 |  8.1
Long Blades    | 1 2 3 4 5 6 7 8 |  8.1
Maces & Flails | 1 2 3 4 5 6 7 8 |  8.1
Polearms       | 1 2 3 4 5 6 7 8 |  8.1
Staves         | 1 2 3 4 5 6 7 8 |  8.1
Slings         | 1 2 3 4 5 6 7 8 |  8.1
Bows           | 1 2 3 4 5 6 7 8 |  8.1
Crossbows      | 1 2 3 4 5 6 7 8 |  8.1
Throwing       | 1 2 3 4 5 6 7 8 |  8.1
Stealth        | 1 2 3 4 5 6 7 8 |  8.1
Shields        | 1 2 3 4 5 6 7 8 |  8.1
Unarmed Combat | 1 2 3 4 5 6 7 8 |  8.1
Spellcasting   | 1 2 3 4 5 6 7 8 |  8.1
Evocations     | 1 2 3 4 5 6 7 8 |  8.1
Conjurations   | 1 2 3 4 5 6 |  6.7
Hexes          | 1 2 3 4 5 6 |  6.7
Summonings     | 1 2 3 4 5 6 |  6.7
Necromancy     | 1 2 3 4 5 6 |  6.7
Translocations | 1 2 3 4 5 6 |  6.7
Transmutations | 1 2 3 4 5 6 |  6.7
Fire Magic     | 1 2 3 4 5 6 |  6.7
Ice Magic      | 1 2 3 4 5 6 |  6.7
Air Magic      | 1 2 3 4 5 6 |  6.7
Earth Magic    | 1 2 3 4 5 6 |  6.7
Poison Magic   | 1 2 3 4 5 6 |  6.7
Dodging        | 3 4 5 6 7 8 |  8.5
Invocations    | 5 6 7 8 9 10 | 10.0
Axes           | 5 6 7 8 9 |  9.3
Armour         | 5 6 7 8 9 |  9.3
Fighting       | 7 8 9 10 | 10.4

Action                   |  1- 3 |  4- 6 |  7- 9 | 10-12 | 13-15 || total
-------------------------+-------+-------+-------+-------+-------++-------
Melee: War axe           |    35 |    83 |   194 |   226 |    40 ||   578
       Bite              |     4 |     4 |    28 |    24 |    11 ||    71
       Punch             |       |       |     5 |    10 |     2 ||    17
       Hand axe          |       |       |       |    21 |    12 ||    33
Throw: Dart              |       |       |    20 |    43 |    11 ||    74
Invok: Depart the Abyss  |     1 |       |       |       |       ||     1
       Banish            |       |       |       |     7 |     1 ||     8
       Bend Space        |       |       |       |       |     1 ||     1
Evoke: Wand              |       |       |       |     1 |       ||     1
  Use: Scroll            |       |     7 |    12 |     7 |     2 ||    28
       Potion            |       |       |     2 |     1 |     1 ||     4
 Stab: Distracted        |       |       |     1 |     2 |     1 ||     4
Armor: Leather armour    |    13 |     3 |       |       |       ||    16
       Scale mail        |       |    56 |    27 |       |       ||    83
       Chain mail        |       |       |    72 |    42 |       ||   114
       Plate armour      |       |       |       |    88 |    42 ||   130
Dodge: Dodged            |    32 |    71 |   100 |   147 |    28 ||   378

Table legend: (Time is in decaauts)
 A = Elapsed time spent in this place.
 B = Non-inter-level travel time spent in this place.
 C = Inter-level travel time spent in this place.
 D = Time resting spent in this place.
 E = Time spent auto-exploring this place.
 F = Levels seen in this place.
 G = Mean time per level.
                   A        B        C        D        E       F      G
               +--------+--------+--------+--------+--------+-----+--------+
         Total |  14458 |  14118 |    340 |    602 |  11274 |  16 |  903.6 |
       Dungeon |   9033 |   8763 |    270 |      0 |   7462 |   8 | 1129.1 |
          Lair |   4784 |   4714 |     70 |    602 |   3308 |   5 |  956.8 |
         Abyss |     90 |     90 |      0 |      0 |     69 |   2 |   45.0 |
         Sewer |    550 |    550 |      0 |      0 |    435 |   1 |  550.0 |
               +--------+--------+--------+--------+--------+-----+--------+

Top non-repeatable levels by time:
  Lair:1: 2130 daAuts
     D:7: 2075 daAuts
     D:4: 1166 daAuts
     D:6: 1078 daAuts
     D:1: 1056 daAuts
     D:2: 1036 daAuts
     D:8: 1034 daAuts
  Lair:3: 937 daAuts
  Lair:4: 920 daAuts
     D:5: 793 daAuts
     D:3: 792 daAuts
  Lair:2: 695 daAuts
   Sewer: 550 daAuts
  Lair:5: 101 daAuts
 Abyss:2: 53 daAuts
